 Dungeon Crawl Stone Soup version 0.30.0-15-g856e2d3f33 (webtiles) character file.

Game seed: 10053208791535703395

82196 qw the Severer (level 15, -5/97 HPs)
             Began as a Gargoyle Fighter on May 19, 2023.
             Was an Elder of Okawaru.
             Slain by an orc warlord
             ... wielding a +0 battleaxe
              (8 damage)
             ... on level 2 of the Orcish Mines.
             The game lasted 00:10:50 (22306 turns).

qw the Severer (Gargoyle Fighter)                  Turns: 22306, Time: 00:10:51

Health: -5/97      AC: 41    Str: 30    XL:     15   Next: 72%
Magic:  22/22      EV: 11    Int:  9    God:    Okawaru [****..]
Gold:   2034       SH:  7    Dex:  9    Spells: 14/14 levels left

rFire   + . .        y - +1 broad axe (drain)
rCold   . . .        c - +0 buckler
rNeg    + . .        r - +1 plate armour {Will+}
rPois   inf          l - +2 hat
rElec   +            v - +2 cloak
rCorr   +            C - +2 pair of gloves {Str+3}
SInv    .            t - +0 pair of boots "Sozexty" {Rampage rF+ Slay+6}
Will    ++...        o - amulet of regeneration Stlth
                     E - +4 ring of slaying {mikee}
HPRegen 1.16/turn    i - ring of Abbo {rCorr Slay+3}
MPRegen 0.18/turn

%: rampage
@: about to teleport, heroic, flying
A: sickness immunity, AC +11, big wings, negative energy resistance 1,
electricity resistance, torment resistance 1, petrification resistance
a: Renounce Religion, Heroism, Finesse


You were on level 2 of the Orcish Mines.
You worshipped Okawaru.
Okawaru was greatly pleased with you.
You visited 4 branches of the dungeon, and saw 23 of its levels.
You also visited: Sewer.

You collected 2034 gold pieces.


Innate Abilities, Weirdness & Mutations

You are immune to sickness and miasma.
Your stone body is resilient. (AC +11)
You are immune to poison.
Your large and strong wings let you fly.
You resist negative energy. (rN+)
You are resistant to electric shocks. (rElec)
You are resistant to unholy torment.
You are immune to petrification.


   Skills:
 + Level 12.8(17.8) Fighting
 - Level 17.0(22.0) Axes
 - Level 6.1(11.1) Throwing
 - Level 12.0(17.0) Armour
 - Level 4.0(9.0) Dodging
 - Level 8.0(13.0) Shields
 - Level 10.0 Invocations


You had 14 spell levels left.
You didn't know any spells.
Your spell library was empty.

Inventory:

Hand Weapons
 a - a +0 morningstar
 y - a +1 broad axe of draining (weapon)
Missiles
 p - 6 boomerangs
 s - 13 silver boomerangs (quivered)
Armour
 c - a +0 buckler (worn)
 l - a +2 hat (worn)
 q - the +0 robe of Words of Power {Rampage Regen+ rCorr}
   (You found it on level 12 of the Dungeon)

   Regen:     It increases your rate of health regeneration.
   rCorr:     It protects you from acid and corrosion.
   Rampage:   It bestows one free step when moving towards enemies.
 r - a +1 plate armour of willpower (worn)
 t - the +0 pair of boots "Sozexty" (worn) {Rampage rF+ Slay+6}
   (You acquired it on level 9 of the Dungeon)

   Slay:      It affects your accuracy & damage with ranged weapons and melee
   (+6).
   rF:        It protects you from fire.
   Rampage:   It bestows one free step when moving towards enemies.
 v - a +2 cloak (worn)
 x - a +4 chain mail of cold resistance
 C - a +2 pair of gloves of strength (worn)
 D - a +3 scale mail of fire resistance
Jewellery
 i - the ring of Abbo (right hand) {rCorr Slay+3}
   (You acquired it on level 4 of the Dungeon)

   [ring of resist corrosion]

   Slay:      It affects your accuracy & damage with ranged weapons and melee
   (+3).
   rCorr:     It protects you from acid and corrosion.
 m - a ring of protection from fire
 o - an amulet of regeneration (around neck)
 A - a ring of ice
 E - a +4 ring of slaying (left hand) {mikee}
Scrolls
 h - 7 scrolls of teleportation
 j - 8 scrolls of identify
Potions
 b - 6 potions of curing
 d - 6 potions of might
 e - a potion of magic
 f - a potion of lignification
 g - 2 potions of cancellation
 k - 3 potions of mutation
 n - 2 potions of haste
 z - a potion of attraction
 B - a potion of resistance

Dungeon Overview and Level Annotations

Branches:
Dungeon (15/15)            Temple (1/1) D:7            Lair (5/5) D:11
  Swamp (0/4) Lair:2        Snake (0/4) Lair:3        Slime (0/5) Lair:4
    Orc (2/2) D:12         Vaults (0/5) D:14         Depths (0/4) D:15
  Sewer (visited)
    Elf: Orc:2

Altars:
Ashenzari
Cheibriados
Dithmenos
Elyvilon
Fedhas
Gozag
Hepliaklqana
Kikubaaqudgha
Makhleb
Nemelex Xobeh
Okawaru
Qazlal
Ru
Sif Muna
Trog
Uskayaw
Vehumet
Wu Jian
Xom
Yredelemnul
Zin
The Shining One

Annotations:
D:10 3 runed translucent doors, qw's ghost, journeyman GrCA
Lair:3 1 runed translucent door, qw's ghost, journeyman GrCA
Lair:4 1 runed translucent door
Orc:1 1 runed translucent door


Message History

You slash the orc sorcerer! You drain the orc sorcerer.
An orc priest comes into view. It is wielding a +0 falchion.
The orc warrior closely misses you.
The orc priest shouts!
You slash the orc warlord!
The orc warlord is lightly wounded.
You slash the orc!
You kill the orc!
You slice the sun demon!!
You hear a shout!
The sun demon misses you.
You slash the sun demon!
The sun demon is severely wounded.
You hit the orc warlord. You drain the orc warlord.
You block the orc warrior's attack. The sun demon barely misses you.
You slice the orc sorcerer!!
You kill the orc sorcerer!
Okawaru accepts your kill.
The sun demon disappears in a puff of smoke!
You slash the orc warlord! You block the orc warrior's attack.
The orc warlord hits you with a +0 battleaxe.
You slash the orc warlord!
The orc warlord is moderately wounded.
The orc priest calls down the wrath of Beogh upon you.
Beogh smites you! You block the orc warlord's attack.
The orc warrior closely misses you.
You slash the orc warlord!
The orc warlord is heavily wounded.
You hit the orc warlord but do no damage.
The orc warlord is heavily wounded.
The orc warrior hits you from afar with a +0 halberd!
The orc priest calls down the wrath of Beogh upon you.
Beogh smites you! The orc warlord barely misses you.
22306 ||| READING 8 scrolls of teleportation.
As you read the scroll of teleportation, it crumbles to dust.
You feel strangely unstable.
The orc warrior hits you from afar with a +0 halberd!!
The orc warlord hits you with a +0 battleaxe!
You die...

.......................
#..#...................
#.......).).#..........
#.##...<#...#.#.......
#..#....#..##.##......
#.....#..####.^.....
#8..)8#### #.......
#...).# #.......
#.)@).# #.##....
#o.o).# ## .....
...ยค.o..... ##.###
##.).....o.##
.(...).......
...............
......._.......
...............


You could see an orc warlord (drained), an orc warrior (strong) and 2 orc
priests.

Vanquished Creatures
  Nessos (Lair:3)
  Snorg (D:12)
  3 dire elephants (Lair:5)
  A yaktaur captain (D:13)
  Fannar (D:12)
  A rakshasa (D:15)
  An ogre mage (D:14)
  5 hydras
  5 centaur warriors
  11 two-headed ogres
  A boulder beetle (D:13)
  4 tengu warriors (D:15)
  7 death yaks (Lair:4)
  Urug (Lair:3)
  An orc high priest (Orc:2)
  Sonja (Lair:5)
  A spectral death yak (Lair:5)
  2 skysharks
  Nergalle (Orc:2)
  A spectral anaconda (Lair:5)
  2 bog bodies (Lair:2)
  A lindwurm (Lair:4)
  2 deep elf pyromancers
  An obsidian statue (Lair:5)
  5 orc knights
  5 necromancers
  A manticore (D:14)
  A salamander (shapeshifter) (D:15)
  4 orc sorcerers
  6 elephants (Lair:5)
  2 cyclopes
  A dire elephant zombie (Lair:5)
  7 slime creatures
  5 black mambas
  A torpor snail (Lair:2)
  10 cane toads
  An unseen horror (D:12)
  A dire elephant skeleton (Lair:5)
  6 rime drakes
  4 komodo dragons
  2 efreet
  A tengu conjurer (D:15)
  A queen bee (D:12)
  8 trolls
  A polar bear (Lair:5)
  3 meliai (D:12)
  3 hornets
  18 blink frogs
  A spectral elephant (Lair:5)
  14 dream sheep
  A dire elephant simulacrum (Lair:5)
  3 shadows
  5 wyverns
  A spriggan (D:7)
  29 yaks
  2 vampires (D:12)
  4 water elementals (D:15)
  4 wraiths
  A hog (shapeshifter) (D:15)
  2 basilisks
  3 vampire mosquitoes (D:14)
  2 steam dragons
  2 death yak simulacra (Lair:5)
  2 spectral cane toads (Lair:5)
  3 wargs (D:15)
  3 nagas (Lair:3)
  2 swamp worms (Lair:2)
  4 acid dragons
  15 water moccasins
  A meliai simulacrum (D:15)
  3 black bears
  An ice beast (D:5)
  22 orc warriors
  Pargi (Sewer)
  2 elephant zombies (Lair:5)
  2 sky beasts (D:6)
  2 ogres (Orc:2)
  6 centaurs
  An elephant skeleton (Lair:5)
  9 wolves (Lair:2)
  4 kobold brigands
  17 bullfrogs
  2 gnoll sergeants
  3 scorpions (D:6)
  7 wights
  31 killer bees
  An elephant simulacrum (Lair:5)
  2 electric eels
  2 howler monkeys
  A jelly (D:5)
  2 gnoll boudas
  11 orc priests
  2 hounds
  2 sleepcaps
  Natasha (D:2)
  3 iguanas
  23 orc wizards
  16 gnolls
  5 adders
  5 white imps
  3 ufetubi
  2 worms (D:3)
  4 dart slugs
  57 orcs
  4 ball pythons
  6 endoplasms
  7 giant cockroaches
  7 goblins
  3 hobgoblins (D:1)
  2 jackals (D:5)
  6 quokkas
  7 bats
  2 frilled lizards
  18 kobolds
  8 rats
582 creatures vanquished.

Vanquished Creatures (others)
  A white imp (D:7)
1 creature vanquished.

Grand Total: 583 creatures vanquished

Notes
Turn   | Place    | Note
-------+----------+-------------------------------------------
     0 | D:1      | qw the Gargoyle Fighter began the quest for the Orb.
     0 | D:1      | Reached XP level 1. HP: 14/14 MP: 1/1
     0 | D:1      | 0 ||| qw: Version: 0.2-a-96-g8eb1148
     0 | D:1      | 0 ||| qw: Game counter: 29
     0 | D:1      | 0 ||| qw: Always use a shield: true
     0 | D:1      | 0 ||| qw: God list: Okawaru
     0 | D:1      | 0 ||| qw: Allow faded altars: false
     0 | D:1      | 0 ||| qw: Do Orc after D:15 true
     0 | D:1      | 0 ||| qw: Do second Lair branch before Depths: true
     0 | D:1      | 0 ||| qw: Lair rune preference: random
     0 | D:1      | 0 ||| qw: Plans: Normal, Zot:1-4, God:TSO, Crypt, Tomb,
                  | Pan, Slime:5, Hells, Abyss, Win
     0 | D:1      | 0 ||| PLANNING D:1-11
    39 | D:1      | Reached skill level 2 in Axes
    89 | D:1      | You fall into a shaft and drop 1 floor!
   187 | D:1      | Reached XP level 2. HP: 9/19 MP: 2/2
   417 | D:1      | Reached skill level 3 in Axes
   482 | D:1      | 482 ||| Stepping ~*~*~tactically~*~*~ (hiding).
   488 | D:1      | Reached XP level 3. HP: 23/23 MP: 3/3
   915 | D:1      | 915 ||| UPGRADING to +2 hat.
   920 | D:1      | 920 ||| UPGRADING to +0 plate armour.
   930 | D:1      | 930 ||| DROPPING +0 scale mail.
   931 | D:1      | 931 ||| READING scroll labelled ARIM VUADYHY.
   932 | D:1      | 932 ||| READING scroll labelled XAXZUHAVVY.
   933 | D:1      | 933 ||| READING scroll labelled YNKAUM MALL.
   936 | D:1      | 936 ||| READING scroll labelled RUHIRAADEN.
   976 | D:2      | Found a burning altar of Makhleb.
  1198 | D:2      | Noticed Natasha
  1199 | D:2      | 1199 ||| Stepping ~*~*~tactically~*~*~ (hiding).
  1207 | D:2      | Killed Natasha
  1208 | D:2      | Reached skill level 4 in Axes
  1208 | D:2      | Reached XP level 4. HP: 24/28 MP: 4/4
  1298 | D:2      | 1298 ||| UPGRADING to +6 ring of dexterity.
  1299 | D:2      | 1299 ||| DRINKING 2 fuming sapphire potions.
  1338 | D:2      | 1338 ||| DRINKING 2 glowing pink potions.
  1339 | D:2      | 1339 ||| DRINKING 2 clear potions.
  1340 | D:2      | 1340 ||| DROPPING potion of brilliance.
  1457 | D:3      | 1457 ||| Stepping ~*~*~tactically~*~*~ (stealth).
  1508 | D:3      | Reached skill level 1 in Dodging
  1508 | D:3      | Reached XP level 5. HP: 21/32 MP: 5/5
  1551 | D:3      | 1551 ||| DROPPING +0 whip.
  1933 | D:3      | 1933 ||| UPGRADING to +0 pair of boots.
  1938 | D:3      | 1938 ||| READING scroll labelled TIQUAG YSHRUOF.
  1939 | D:3      | 1939 ||| DRINKING 2 bubbling dark potions.
  1940 | D:3      | 1940 ||| DROPPING potion of flight.
  2290 | D:4      | HP: 8/32 [orc wizard/+0 dagger (3)]
  2291 | D:4      | 2291 ||| DRINKING potion of heal wounds.
  2368 | D:4      | 2368 ||| Stepping ~*~*~tactically~*~*~ (hiding).
  2802 | D:4      | 2802 ||| Stepping ~*~*~tactically~*~*~ (stealth).
  2812 | D:4      | Reached skill level 5 in Axes
  2816 | D:4      | Reached XP level 6. HP: 28/38 MP: 6/6
  3018 | D:4      | 3018 ||| READING scroll labelled HIKOYKISUBB.
  3018 | D:4      | Identified a scroll of acquirement
  3018 | D:4      | 3018 ||| ACQUIRING ring of Abbo {rCorr Slay+3}
  3018 | D:4      | Acquired the ring of Abbo {rCorr Slay+3}
  3020 | D:4      | 3020 ||| UPGRADING to ring of Abbo {rCorr Slay+3}.
  3074 | D:5      | Entered Level 5 of the Dungeon
  3104 | D:5      | Noticed an ice beast
  3120 | D:5      | Killed an ice beast
  3236 | D:5      | 3236 ||| Stepping ~*~*~tactically~*~*~ (stealth).
  3238 | D:5      | 3238 ||| Stepping ~*~*~tactically~*~*~ (stealth).
  3295 | D:5      | Reached XP level 7. HP: 43/44 MP: 7/7
  3450 | D:5      | Reached skill level 6 in Axes
  3525 | D:5      | 3525 ||| Stepping ~*~*~tactically~*~*~ (stealth).
  3839 | D:6      | 3839 ||| PLANNING SEWER
  3980 | D:6      | Reached skill level 7 in Axes
  3980 | D:6      | Reached XP level 8. HP: 43/48 MP: 8/8
  4277 | D:6      | Reached skill level 8 in Axes
  4380 | D:6      | 4380 ||| Stepping ~*~*~tactically~*~*~ (stealth).
  4384 | D:6      | 4384 ||| Stepping ~*~*~tactically~*~*~ (stealth).
  4510 | D:6      | Found a glowing drain.
  4511 | D:6      | 4511 ||| READING scroll labelled JIARHALUVE.
  4512 | D:6      | 4512 ||| READING scroll labelled QEWALU KASAE.
  4513 | D:6      | 4513 ||| READING scroll labelled RIYWOL PYDA.
  4517 | Sewer    | Entered a sewer
  4547 | Sewer    | Noticed Pargi
  4566 | Sewer    | Killed Pargi
  4567 | Sewer    | Reached skill level 6 in Fighting
  4683 | Sewer    | 4683 ||| READING scroll labelled QABRUP PEOMN.
  4697 | D:6      | 4697 ||| PLANNING D:1-11
  4880 | D:7      | Reached XP level 9. HP: 17/55 MP: 9/9
  4978 | D:7      | 4978 ||| Stepping ~*~*~tactically~*~*~ (stealth).
  5089 | D:7      | 5089 ||| Stepping ~*~*~tactically~*~*~ (stealth).
  5164 | D:7      | Found a staircase to the Ecumenical Temple.
  5165 | D:7      | 5165 ||| PLANNING TEMPLE
  5165 | D:7      | 5165 ||| DRINKING 2 metallic silvery potions.
  5166 | D:7      | 5166 ||| READING 2 scrolls of identify.
  5166 | D:7      | 5166 ||| IDENTIFYING lumpy sapphire potion
  5175 | Temple   | Entered the Ecumenical Temple
  5192 | Temple   | 5192 ||| PLANNING OKAWARU WORSHIP
  5221 | Temple   | Became a worshipper of Warmaster Okawaru
  5221 | Temple   | 5221 ||| PLANNING D:1-11
  5292 | D:7      | 5292 ||| Stepping ~*~*~tactically~*~*~ (hiding).
  5294 | D:7      | 5294 ||| Stepping ~*~*~tactically~*~*~ (hiding).
  5302 | D:7      | 5302 ||| Stepping ~*~*~tactically~*~*~ (hiding).
  5323 | D:7      | Reached skill level 9 in Axes
  5403 | D:7      | 5403 ||| DROPPING +0 flail.
  5434 | D:7      | 5434 ||| Stepping ~*~*~tactically~*~*~ (hiding).
  5454 | D:7      | 5454 ||| Stepping ~*~*~tactically~*~*~ (stealth).
  5550 | D:7      | 5550 ||| Stepping ~*~*~tactically~*~*~ (stealth).
  5904 | D:7      | 5904 ||| DROPPING +1 hat.
  5905 | D:7      | 5905 ||| READING 4 scrolls of identify.
  5905 | D:7      | 5905 ||| IDENTIFYING smoky amethyst potion
  5906 | D:7      | 5906 ||| READING 3 scrolls of identify.
  5906 | D:7      | 5906 ||| IDENTIFYING grey potion
  5907 | D:7      | 5907 ||| READING 2 scrolls of identify.
  5907 | D:7      | 5907 ||| IDENTIFYING bubbling yellow potion
  5908 | D:7      | 5908 ||| DROPPING potion of degeneration.
  5933 | D:8      | 5933 ||| PLANNING OSSUARY
  6026 | D:8      | 6026 ||| Stepping ~*~*~tactically~*~*~ (stealth).
  6027 | D:8      | 6027 ||| Stepping ~*~*~tactically~*~*~ (stealth).
  6030 | D:8      | 6030 ||| Stepping ~*~*~tactically~*~*~ (hiding).
  6034 | D:8      | Reached * piety under Okawaru
  6060 | D:8      | 6060 ||| INVOKING Heroism.
  6076 | D:8      | Reached skill level 6 in Armour
  6187 | D:8      | Noticed a hornet
  6196 | D:8      | Killed a hornet
  6232 | D:8      | Reached skill level 1 in Invocations
  6334 | D:8      | 6334 ||| INVOKING Heroism.
  6494 | D:8      | Reached XP level 10. HP: 63/63 MP: 12/12
  6532 | D:8      | Reached skill level 3 in Invocations
  6618 | D:8      | 6618 ||| RIP OSSUARY
  6623 | D:8      | 6623 ||| PLANNING D:1-11
  6667 | D:8      | Identified the +10 dire flail of Kecuall {flame, rCorr
                  | Str-3 SInv}
  6788 | D:8      | 6788 ||| UPGRADING to ring of protection from fire.
  6790 | D:8      | 6790 ||| READING scroll labelled CIAWKU VOEH.
  6846 | D:9      | 6846 ||| STAIRDANCE
  6848 | D:8      | 6848 ||| INVOKING Heroism.
  6850 | D:8      | Reached skill level 1 in Throwing
  6992 | D:9      | Reached ** piety under Okawaru
  7065 | D:9      | Reached skill level 10 in Axes
  7081 | D:9      | 7081 ||| INVOKING Heroism.
  7504 | D:9      | Found a burning altar of Makhleb.
  7506 | D:9      | Noticed a two-headed ogre
  7507 | D:9      | 7507 ||| INVOKING Heroism.
  7516 | D:9      | HP: 6/64 [two-headed ogre/+0 great mace (16)]
  7516 | D:9      | HP: 1/64 [two-headed ogre/+0 great mace (5)]
  7517 | D:9      | 7517 ||| READING 8 scrolls of teleportation.
  7518 | D:9      | 7518 ||| DRINKING potion of heal wounds.
  7521 | D:9      | Killed a two-headed ogre
  7716 | D:9      | 7716 ||| INVOKING Heroism.
  7881 | D:9      | 7881 ||| UPGRADING to +0 cloak.
  7886 | D:9      | 7886 ||| READING scroll labelled CAEDDERHILA.
  7887 | D:9      | 7887 ||| READING 5 scrolls of identify.
  7887 | D:9      | 7887 ||| IDENTIFYING sedimented emerald potion
  7888 | D:9      | 7888 ||| READING 4 scrolls of identify.
  7888 | D:9      | 7888 ||| IDENTIFYING black potion
  7889 | D:9      | 7889 ||| DROPPING potion of ambrosia.
  7890 | D:9      | 7890 ||| DROPPING potion of berserk rage.
  7904 | D:9      | 7904 ||| INVOKING Heroism.
  7912 | D:9      | Reached skill level 3 in Throwing
  7961 | D:9      | 7961 ||| Stepping ~*~*~tactically~*~*~ (stealth).
  7962 | D:9      | 7962 ||| Stepping ~*~*~tactically~*~*~ (stealth).
  7964 | D:9      | 7964 ||| Stepping ~*~*~tactically~*~*~ (stealth).
  7966 | D:9      | 7966 ||| INVOKING Heroism.
  8084 | D:9      | 8084 ||| Stepping ~*~*~tactically~*~*~ (hiding).
  8094 | D:9      | 8094 ||| INVOKING Heroism.
  8160 | D:9      | Reached *** piety under Okawaru
  8264 | D:9      | 8264 ||| INVOKING Heroism.
  8273 | D:9      | Reached XP level 11. HP: 46/69 MP: 11/14
  8462 | D:9      | Noticed a centaur warrior
  8464 | D:9      | 8464 ||| INVOKING Heroism.
  8478 | D:9      | HP: 16/69 [centaur warrior (5)]
  8479 | D:9      | 8479 ||| READING 7 scrolls of teleportation.
  8480 | D:9      | Killed a centaur warrior
  8481 | D:9      | Reached skill level 11 in Axes
  8695 | D:9      | Noticed a two-headed ogre
  8696 | D:9      | 8696 ||| INVOKING Heroism.
  8702 | D:9      | Killed a two-headed ogre
  8703 | D:9      | Reached skill level 9 in Fighting
  8795 | D:9      | 8795 ||| READING scroll of acquirement.
  8795 | D:9      | 8795 ||| ACQUIRING +0 pair of boots "Sozexty" {Rampage rF+
                  | Slay+6}
  8795 | D:9      | Acquired the +0 pair of boots "Sozexty" {Rampage rF+
                  | Slay+6}
  8797 | D:9      | 8797 ||| UPGRADING to +0 plate armour of willpower.
  8807 | D:9      | 8807 ||| DROPPING +0 plate armour.
  8808 | D:9      | 8808 ||| UPGRADING to +0 pair of boots "Sozexty" {Rampage
                  | rF+ Slay+6}.
  8818 | D:9      | 8818 ||| DROPPING +0 pair of boots.
  8821 | D:9      | 8821 ||| UPGRADING to +6 ring of dexterity.
  8902 | D:10     | Entered Level 10 of the Dungeon
  8903 | D:10     | 8903 ||| INVOKING Heroism.
  8931 | D:10     | Noticed a two-headed ogre
  8932 | D:10     | 8932 ||| INVOKING Heroism.
  8936 | D:10     | Killed a two-headed ogre
  8959 | D:10     | Reached **** piety under Okawaru
  9005 | D:10     | 9005 ||| READING 3 scrolls of enchant weapon.
  9005 | D:10     | 9005 ||| ENCHANTING +1 war axe.
  9006 | D:10     | 9006 ||| READING 2 scrolls of enchant weapon.
  9006 | D:10     | 9006 ||| ENCHANTING +2 war axe.
  9007 | D:10     | 9007 ||| READING scroll of enchant weapon.
  9007 | D:10     | 9007 ||| ENCHANTING +3 war axe.
  9051 | D:10     | Noticed a two-headed ogre
  9053 | D:10     | 9053 ||| INVOKING Heroism.
  9060 | D:10     | Killed a two-headed ogre
  9127 | D:10     | 9127 ||| READING scroll of enchant armour.
  9127 | D:10     | 9127 ||| ENCHANTING +0 cloak.
  9286 | D:10     | 9286 ||| INVOKING Heroism.
  9287 | D:10     | Noticed a two-headed ogre
  9291 | D:10     | Killed a two-headed ogre
  9292 | D:10     | Reached skill level 12 in Axes
  9344 | D:10     | Found a shimmering altar of Xom.
  9345 | D:10     | Found an ornate altar of the Wu Jian Council.
  9724 | D:10     | Found a runed translucent gate.
  9724 | D:10     | Found a runed translucent gate.
  9724 | D:10     | Found a runed translucent gate.
  9725 | D:10     | Found an opulent altar of Gozag.
  9726 | D:10     | Noticed qw's ghost (journeyman GrCA)
  9727 | D:10     | Noticed a centaur warrior
  9733 | D:10     | 9733 ||| DROPPING ring of willpower.
  9768 | D:11     | Noticed a cyclops
  9769 | D:11     | 9769 ||| INVOKING Heroism.
  9773 | D:11     | Killed a cyclops
  9773 | D:11     | Received a gift from Okawaru
  9774 | D:11     | Reached skill level 3 in Dodging
  9796 | D:11     | 9796 ||| INVOKING Heroism.
  9797 | D:11     | Noticed a two-headed ogre
  9798 | D:11     | 9798 ||| Stepping ~*~*~tactically~*~*~ (stealth).
  9801 | D:11     | 9801 ||| Stepping ~*~*~tactically~*~*~ (stealth).
  9806 | D:11     | 9806 ||| Stepping ~*~*~tactically~*~*~ (stealth).
  9813 | D:11     | Killed a two-headed ogre
  9814 | D:11     | Reached skill level 6 in Invocations
  9854 | D:11     | Noticed a two-headed ogre
  9855 | D:11     | 9855 ||| INVOKING Heroism.
  9860 | D:11     | Reached skill level 6 in Shields
  9860 | D:11     | Killed a two-headed ogre
  9860 | D:11     | Reached ***** piety under Okawaru
  9861 | D:11     | Reached XP level 12. HP: 76/76 MP: 13/16
  9889 | D:11     | Found a staircase to the Lair.
 10633 | D:11     | 10633 ||| Stepping ~*~*~tactically~*~*~ (stealth).
 10635 | D:11     | Reached skill level 9 in Armour
 10735 | D:11     | 10735 ||| PLANNING LAIR
 10735 | D:11     | 10735 ||| READING scroll labelled WIUZUA ROSAU.
 10784 | D:11     | 10784 ||| READING 4 scrolls of identify.
 10784 | D:11     | 10784 ||| IDENTIFYING emerald potion
 10819 | Lair:1   | Entered Level 1 of the Lair of Beasts
 11011 | Lair:1   | Received a gift from Okawaru
 11080 | Lair:1   | 11080 ||| Stepping ~*~*~tactically~*~*~ (stealth).
 11383 | Lair:1   | 11383 ||| Stepping ~*~*~tactically~*~*~ (stealth).
 11385 | Lair:1   | 11385 ||| Stepping ~*~*~tactically~*~*~ (stealth).
 11386 | Lair:1   | 11386 ||| Stepping ~*~*~tactically~*~*~ (stealth).
 11388 | Lair:1   | 11388 ||| Stepping ~*~*~tactically~*~*~ (stealth).
 11389 | Lair:1   | 11389 ||| Stepping ~*~*~tactically~*~*~ (stealth).
 11391 | Lair:1   | 11391 ||| Stepping ~*~*~tactically~*~*~ (stealth).
 11700 | Lair:1   | 11700 ||| READING scroll labelled BIEFOM RYETA.
 11849 | Lair:2   | 11849 ||| Stepping ~*~*~tactically~*~*~ (stealth).
 11851 | Lair:2   | 11851 ||| Stepping ~*~*~tactically~*~*~ (stealth).
 11865 | Lair:2   | Reached skill level 9 in Invocations
 11898 | Lair:2   | 11898 ||| Stepping ~*~*~tactically~*~*~ (hiding).
 11899 | Lair:2   | 11899 ||| Stepping ~*~*~tactically~*~*~ (hiding).
 11902 | Lair:2   | 11902 ||| INVOKING Heroism.
 11918 | Lair:2   | Received a gift from Okawaru
 12057 | Lair:2   | 12057 ||| Stepping ~*~*~tactically~*~*~ (stealth).
 12059 | Lair:2   | 12059 ||| INVOKING Heroism.
 12328 | Lair:2   | Received a gift from Okawaru
 12366 | Lair:2   | 12366 ||| Stepping ~*~*~tactically~*~*~ (hiding).
 12367 | Lair:2   | 12367 ||| Stepping ~*~*~tactically~*~*~ (hiding).
 12368 | Lair:2   | 12368 ||| Stepping ~*~*~tactically~*~*~ (hiding).
 12376 | Lair:2   | Reached skill level 13 in Axes
 12443 | Lair:2   | 12443 ||| READING scroll of enchant armour.
 12443 | Lair:2   | 12443 ||| ENCHANTING +1 cloak.
 12458 | Lair:2   | Noticed a skyshark
 12467 | Lair:2   | Reached XP level 13. HP: 69/82 MP: 20/20
 12679 | Lair:2   | 12679 ||| READING scroll of enchant armour.
 12679 | Lair:2   | 12679 ||| ENCHANTING +0 plate armour of willpower.
 12781 | Lair:2   | 12781 ||| INVOKING Heroism.
 12802 | Lair:2   | Found a staircase to the Swamp.
 13085 | Lair:2   | 13085 ||| DROPPING scarf of harm.
 13135 | Lair:3   | 13135 ||| INVOKING Heroism.
 13506 | Lair:3   | 13506 ||| Stepping ~*~*~tactically~*~*~ (stealth).
 13507 | Lair:3   | 13507 ||| Stepping ~*~*~tactically~*~*~ (stealth).
 13509 | Lair:3   | 13509 ||| Stepping ~*~*~tactically~*~*~ (stealth).
 13530 | Lair:3   | 13530 ||| INVOKING Heroism.
 13566 | Lair:3   | Noticed Nessos
 13567 | Lair:3   | 13567 ||| INVOKING Finesse.
 13569 | Lair:3   | Noticed Urug
 13570 | Lair:3   | 13570 ||| INVOKING Heroism.
 13576 | Lair:3   | Killed Nessos
 13585 | Lair:3   | Killed Urug
 13586 | Lair:3   | 13586 ||| SWAPPING to +0 flail of protection.
 13592 | Lair:3   | Reached skill level 14 in Axes
 13592 | Lair:3   | 13592 ||| SWAPPING to +4 war axe.
 13715 | Lair:3   | 13715 ||| Stepping ~*~*~tactically~*~*~ (stealth).
 13720 | Lair:3   | 13720 ||| Stepping ~*~*~tactically~*~*~ (stealth).
 13773 | Lair:3   | Found a runed translucent door.
 13773 | Lair:3   | Found a shimmering altar of Xom.
 13773 | Lair:3   | Noticed qw's ghost (journeyman GrCA)
 13846 | Lair:3   | 13846 ||| INVOKING Heroism.
 13904 | Lair:3   | 13904 ||| Stepping ~*~*~tactically~*~*~ (hiding).
 13908 | Lair:3   | Found a staircase to the Snake Pit.
 14074 | Lair:3   | 14074 ||| DROPPING ring of flight.
 14075 | Lair:3   | 14075 ||| READING 7 scrolls of identify.
 14075 | Lair:3   | 14075 ||| IDENTIFYING amethyst potion
 14076 | Lair:3   | 14076 ||| DROPPING potion of invisibility.
 14133 | Lair:4   | 14133 ||| INVOKING Heroism.
 14168 | Lair:4   | 14168 ||| INVOKING Heroism.
 14194 | Lair:4   | 14194 ||| INVOKING Heroism.
 14232 | Lair:4   | 14232 ||| Stepping ~*~*~tactically~*~*~ (stealth).
 14237 | Lair:4   | Received a gift from Okawaru
 14246 | Lair:4   | 14246 ||| INVOKING Heroism.
 14358 | Lair:4   | Found a runed translucent door.
 14372 | Lair:4   | 14372 ||| Stepping ~*~*~tactically~*~*~ (stealth).
 14385 | Lair:4   | 14385 ||| INVOKING Heroism.
 14386 | Lair:4   | 14386 ||| Stepping ~*~*~tactically~*~*~ (stealth).
 14389 | Lair:4   | 14389 ||| Stepping ~*~*~tactically~*~*~ (stealth).
 14402 | Lair:4   | 14402 ||| INVOKING Finesse.
 14825 | Lair:4   | Found a staircase to the Slime Pits.
 14951 | Lair:4   | 14951 ||| UPGRADING to +0 pair of gloves.
 14956 | Lair:4   | 14956 ||| READING 7 scrolls of identify.
 14956 | Lair:4   | 14956 ||| IDENTIFYING murky emerald potion
 14991 | Lair:5   | Entered Level 5 of the Lair of Beasts
 15072 | Lair:5   | 15072 ||| Stepping ~*~*~tactically~*~*~ (stealth).
 15073 | Lair:5   | 15073 ||| INVOKING Heroism.
 15079 | Lair:5   | Received a gift from Okawaru
 15092 | Lair:5   | Gained mutation: Your large and strong wings let you fly.
                  | [Gargoyle growth]
 15092 | Lair:5   | Reached XP level 14. HP: 87/90 MP: 21/21
 15160 | Lair:5   | 15160 ||| Stepping ~*~*~tactically~*~*~ (stealth).
 15259 | Lair:5   | 15259 ||| Stepping ~*~*~tactically~*~*~ (stealth).
 15260 | Lair:5   | 15260 ||| Stepping ~*~*~tactically~*~*~ (stealth).
 15329 | Lair:5   | Reached skill level 15 in Axes
 15348 | Lair:5   | 15348 ||| Stepping ~*~*~tactically~*~*~ (stealth).
 15349 | Lair:5   | 15349 ||| Stepping ~*~*~tactically~*~*~ (stealth).
 15417 | Lair:5   | 15417 ||| DROPPING +0 flail of protection.
 15488 | Lair:5   | Noticed Sonja
 15489 | Lair:5   | 15489 ||| INVOKING Finesse.
 15502 | Lair:5   | 15502 ||| INVOKING Heroism.
 15506 | Lair:5   | Killed Sonja
 15529 | Lair:5   | 15529 ||| INVOKING Heroism.
 15576 | Lair:5   | 15576 ||| INVOKING Heroism.
 15744 | Lair:5   | Noticed a dire elephant
 15744 | Lair:5   | Noticed a dire elephant
 15766 | Lair:5   | 15766 ||| INVOKING Heroism.
 16052 | Lair:5   | 16052 ||| Stepping ~*~*~tactically~*~*~ (stealth).
 16053 | Lair:5   | 16053 ||| Stepping ~*~*~tactically~*~*~ (stealth).
 16068 | Lair:5   | Received a gift from Okawaru
 16132 | Lair:5   | Noticed a dire elephant
 16133 | Lair:5   | 16133 ||| INVOKING Heroism.
 16143 | Lair:5   | Killed a dire elephant
 16174 | Lair:5   | 16174 ||| INVOKING Heroism.
 16361 | Lair:5   | 16361 ||| INVOKING Heroism.
 16377 | Lair:5   | Killed a dire elephant
 16378 | Lair:5   | Reached skill level 12 in Fighting
 16378 | Lair:5   | Killed a dire elephant
 16517 | Lair:5   | 16517 ||| Stepping ~*~*~tactically~*~*~ (hiding).
 16519 | Lair:5   | 16519 ||| INVOKING Heroism.
 16550 | Lair:5   | Received a gift from Okawaru
 16627 | Lair:5   | 16627 ||| SWAPPING to +1 broad axe of draining.
 16628 | Lair:5   | 16628 ||| DROPPING +4 war axe.
 16705 | Lair:5   | 16705 ||| Stepping ~*~*~tactically~*~*~ (stealth).
 16725 | Lair:5   | 16725 ||| Stepping ~*~*~tactically~*~*~ (stealth).
 16829 | Lair:5   | 16829 ||| INVOKING Heroism.
 16834 | Lair:5   | 16834 ||| SWAPPING to +0 morningstar.
 16837 | Lair:5   | 16837 ||| SWAPPING to +1 broad axe of draining.
 17058 | Lair:5   | 17058 ||| PLANNING D
 17058 | Lair:5   | 17058 ||| DROPPING amulet of faith.
 17193 | D:12     | Identified the +0 robe of Words of Power {Rampage Regen+
                  | rCorr}
 17205 | D:12     | 17205 ||| Stepping ~*~*~tactically~*~*~ (stealth).
 17206 | D:12     | 17206 ||| Stepping ~*~*~tactically~*~*~ (stealth).
 17214 | D:12     | 17214 ||| Stepping ~*~*~tactically~*~*~ (stealth).
 17311 | D:12     | Found a staircase to the Orcish Mines.
 17313 | D:12     | Noticed Fannar
 17325 | D:12     | Killed Fannar
 17479 | D:12     | 17479 ||| INVOKING Heroism.
 17486 | D:12     | HP: 23/92 [meliai/divine providence (11)]
 17487 | D:12     | 17487 ||| READING 9 scrolls of teleportation.
 17488 | D:12     | 17488 ||| DRINKING potion of heal wounds.
 17715 | D:12     | 17715 ||| Stepping ~*~*~tactically~*~*~ (stealth).
 17719 | D:12     | 17719 ||| INVOKING Heroism.
 17788 | D:12     | 17788 ||| INVOKING Heroism.
 17842 | D:12     | 17842 ||| Stepping ~*~*~tactically~*~*~ (hiding).
 17843 | D:12     | 17843 ||| INVOKING Heroism.
 17860 | D:12     | Noticed Snorg
 17862 | D:12     | 17862 ||| INVOKING Heroism.
 17864 | D:12     | Killed Snorg
 17864 | D:12     | Received a gift from Okawaru
 18167 | D:13     | Reached skill level 16 in Axes
 18384 | D:13     | 18384 ||| Stepping ~*~*~tactically~*~*~ (hiding).
 18390 | D:13     | Reached XP level 15. HP: 94/96 MP: 22/22
 18556 | D:13     | 18556 ||| Stepping ~*~*~tactically~*~*~ (hiding).
 18563 | D:13     | 18563 ||| INVOKING Heroism.
 18571 | D:13     | Reached skill level 6 in Throwing
 18641 | D:13     | Received a gift from Okawaru
 18866 | D:13     | 18866 ||| UPGRADING to +2 pair of gloves of strength.
 18876 | D:13     | 18876 ||| DROPPING +0 pair of gloves.
 18877 | D:13     | 18877 ||| UPGRADING to +4 ring of slaying {mikee}.
 18879 | D:13     | 18879 ||| DROPPING +6 ring of dexterity.
 18913 | D:14     | 18913 ||| Stepping ~*~*~tactically~*~*~ (hiding).
 18914 | D:14     | 18914 ||| Stepping ~*~*~tactically~*~*~ (hiding).
 18962 | D:14     | 18962 ||| Stepping ~*~*~tactically~*~*~ (hiding).
 19074 | D:14     | Found a shadowy altar of Dithmenos.
 19210 | D:14     | 19210 ||| Stepping ~*~*~tactically~*~*~ (hiding).
 19319 | D:14     | 19319 ||| Stepping ~*~*~tactically~*~*~ (hiding).
 19321 | D:14     | 19321 ||| Stepping ~*~*~tactically~*~*~ (hiding).
 19328 | D:14     | 19328 ||| Stepping ~*~*~tactically~*~*~ (stealth).
 19390 | D:14     | 19390 ||| INVOKING Heroism.
 19482 | D:14     | Found a gate to the Vaults.
 19492 | D:14     | 19492 ||| INVOKING Heroism.
 19496 | D:14     | Reached skill level 12 in Armour
 19950 | D:15     | Entered Level 15 of the Dungeon
 19953 | D:15     | 19953 ||| Stepping ~*~*~tactically~*~*~ (stealth).
 19955 | D:15     | 19955 ||| Stepping ~*~*~tactically~*~*~ (hiding).
 20091 | D:15     | 20091 ||| Stepping ~*~*~tactically~*~*~ (hiding).
 20092 | D:15     | 20092 ||| Stepping ~*~*~tactically~*~*~ (hiding).
 20093 | D:15     | 20093 ||| Stepping ~*~*~tactically~*~*~ (hiding).
 20095 | D:15     | 20095 ||| INVOKING Heroism.
 20096 | D:15     | 20096 ||| Stepping ~*~*~tactically~*~*~ (hiding).
 20104 | D:15     | 20104 ||| Stepping ~*~*~tactically~*~*~ (hiding).
 20243 | D:15     | 20243 ||| INVOKING Heroism.
 20247 | D:15     | 20247 ||| SWAPPING to +0 morningstar.
 20250 | D:15     | 20250 ||| SWAPPING to +1 broad axe of draining.
 20272 | D:15     | 20272 ||| Stepping ~*~*~tactically~*~*~ (hiding).
 20277 | D:15     | 20277 ||| SWAPPING to +0 morningstar.
 20281 | D:15     | Received a gift from Okawaru
 20282 | D:15     | 20282 ||| SWAPPING to +1 broad axe of draining.
 20520 | D:15     | 20520 ||| INVOKING Heroism.
 20528 | D:15     | 20528 ||| Stepping ~*~*~tactically~*~*~ (hiding).
 20550 | D:15     | Found a staircase to the Depths.
 20553 | D:15     | 20553 ||| INVOKING Heroism.
 20572 | D:15     | 20572 ||| Stepping ~*~*~tactically~*~*~ (stealth).
 20601 | D:15     | 20601 ||| INVOKING Heroism.
 20770 | D:15     | 20770 ||| Stepping ~*~*~tactically~*~*~ (hiding).
 20856 | D:15     | 20856 ||| DROPPING +1 heavy flail.
 21299 | D:15     | 21299 ||| PLANNING ORC
 21299 | D:15     | 21299 ||| UPGRADING to amulet of regeneration.
 21375 | Orc:1    | Entered Level 1 of the Orcish Mines
 21408 | Orc:1    | 21408 ||| Stepping ~*~*~tactically~*~*~ (hiding).
 21425 | Orc:1    | 21425 ||| Stepping ~*~*~tactically~*~*~ (stealth).
 21677 | Orc:1    | Found a runed translucent door.
 21679 | Orc:1    | Found the +8 mithril axe "Arga" {speed, Will+}
 21680 | Orc:1    | Noticed a balrug
 21950 | Orc:2    | Entered Level 2 of the Orcish Mines
 21968 | Orc:2    | Reached skill level 17 in Axes
 22117 | Orc:2    | 22117 ||| Stepping ~*~*~tactically~*~*~ (hiding).
 22119 | Orc:2    | 22119 ||| INVOKING Heroism.
 22167 | Orc:2    | 22167 ||| Stepping ~*~*~tactically~*~*~ (hiding).
 22181 | Orc:2    | 22181 ||| Stepping ~*~*~tactically~*~*~ (hiding).
 22226 | Orc:2    | 22226 ||| Stepping ~*~*~tactically~*~*~ (hiding).
 22233 | Orc:2    | 22233 ||| INVOKING Heroism.
 22248 | Orc:2    | 22248 ||| Stepping ~*~*~tactically~*~*~ (stealth).
 22270 | Orc:2    | Noticed Nergalle
 22287 | Orc:2    | Noticed an orc warlord
 22288 | Orc:2    | 22288 ||| INVOKING Heroism.
 22289 | Orc:2    | Killed Nergalle
 22305 | Orc:2    | HP: 20/97 [orc priest/divine providence (15)]
 22306 | Orc:2    | 22306 ||| READING 8 scrolls of teleportation.
 22306 | Orc:2    | HP: 3/97 [orc warrior/+0 halberd (18)]
 22306 | Orc:2    | Slain by an orc warlord

Levels and vault maps discovered:
D:1:      dpeg_arrival_three_smaller_balls, layout_basic
D:2:      layout_basic, basic_altar, uniq_natasha
D:3:      layout_rooms
D:4:      layout_basic
D:5:      layout_rooms
D:6:      layout_basic, gup_sewer_entry_spiral
D:7:      layout_loops_ring, minmay_temple_entry_sparse_star, the_hattery
D:8:      layout_loops_ring, chequers_ossuary_entry_cave,
          minmay_unpleasant_kobolds
D:9:      kennysheep_windowed_halls, layout_basic, lemuel_tele_altar,
          chequers_jeans, serial_bayou_pond_c, minmay_misc_feat_secret_circle,
          due_unseen_surprise
D:10:     layout_basic, grunt_temple_overflow_open, ebering_ghost_gozag
D:11:     layout_grid_maze, due_lair_maze_entry_diamond
D:12:     layout_roguey [special_room_bee], orc_0_dummy, uniq_snorg, uniq_fannar
D:13:     layout_roguey, minmay_radiant
D:14:     layout_basic, david_vaults_2, serial_curves, eino_curves_02,
          eino_curves_02, nicolae_dithmenos_the_darkroom
D:15:     hangedman_depths_entry_civil_slaughter, layout_basic,
          minmay_misc_feat_alley, beargit_elvish_explorers
Temple:   hellmonk_temple_of_storms
Lair:1:   layout_loops_ring
Lair:2:   layout_roguey, nicolae_swamp_entry_splash_gauntlet,
          chequers_serial_rivers_micro_a, grunt_megastairs_4
Lair:3:   layout_regular_city, nicolae_snake_entry_squirm, ebering_ghost_xom,
          guppyfry_lair_drakes, uniq_nessos, uniq_urug
Lair:4:   layout_roguey, slime_entry_2, grunt_megastairs_1
Lair:5:   due_jungle_book, layout_regular_city, uniq_sonja
Orc:1:    dreamdust_dug_too_deep, layout_diamond_mine
Orc:2:    grunt_orc_cross, layout_caves, portal_ice_cave_demonic_guard,
          enter_volcano_4

Skill      XL: |  1  2  3  4  5  6  7  8  9 10 11 12 13 14 15 |
---------------+----------------------------------------------+-----
Axes           | 2 3 4 5 7 8 9 10 12 13 14 16 17 | 17.0
Dodging        | 1 2 3 4 |  4.0
Fighting       | 4 6 7 8 9 10 11 12 | 12.8
Armour         | 4 5 6 7 8 9 10 11 12 | 12.0
Shields        | 4 5 6 7 8 |  8.0
Invocations    | 2 4 6 10 | 10.0
Throwing       | 3 4 5 6 |  6.1

Action                     |  1- 3 |  4- 6 |  7- 9 | 10-12 | 13-15 || total
---------------------------+-------+-------+-------+-------+-------++-------
  Melee: War axe           |    82 |   130 |   346 |   374 |   360 ||  1292
         Flail             |       |       |       |       |     5 ||     5
         Broad axe         |       |       |       |       |   337 ||   337
         Morningstar       |       |       |       |       |     8 ||     8
  Throw: Boomerang         |       |    28 |       |    45 |    62 ||   135
         Javelin           |       |       |       |    67 |   155 ||   222
 Invoke: Heroism           |       |       |     2 |    19 |    36 ||    57
         Finesse           |       |       |       |       |     3 ||     3
    Use: Scroll            |     4 |     2 |     8 |    15 |     5 ||    34
         Potion            |       |     5 |     1 |     1 |     1 ||     8
 Armour: Scale mail        |    30 |       |       |       |       ||    30
         Plate armour      |    13 |   135 |   268 |   206 |   351 ||   973
  Dodge: Dodged            |    31 |    49 |   141 |   113 |   195 ||   529
  Block: Buckler           |    11 |    25 |    88 |    73 |   155 ||   352

Table legend:
 A = Non-vault XP
 B = Vault XP
 C = Vault XP percentage of total XP
 D = Non-vault monster count
 E = Vault monster count
 F = Vault count percentage of total count
                 A         B        C        D         E       F
            +---------+---------+-------+---------+---------+-------
      Total |   72182 |   45242 |  38.5 |     424 |     159 |  27.3
            +---------+---------+-------+---------+---------+-------
        D:1 |      44 |       0 |   0.0 |      24 |       0 |   0.0
        D:2 |      27 |      35 |  56.5 |       9 |       1 |  10.0
        D:3 |      92 |       0 |   0.0 |      17 |       0 |   0.0
        D:4 |     149 |       0 |   0.0 |      17 |       0 |   0.0
        D:5 |     691 |       0 |   0.0 |      22 |       0 |   0.0
        D:6 |     812 |       9 |   1.1 |      12 |       6 |  33.3
        D:7 |    1091 |     220 |  16.8 |      40 |       1 |   2.4
        D:8 |    1595 |     197 |  11.0 |      26 |       6 |  18.8
        D:9 |    2148 |    4276 |  66.6 |      16 |      20 |  55.6
       D:10 |    4931 |       0 |   0.0 |      20 |       0 |   0.0
       D:11 |    3693 |    1192 |  24.4 |      10 |       8 |  44.4
       D:12 |    3222 |    4429 |  57.9 |      12 |      28 |  70.0
       D:13 |    4169 |    1438 |  25.6 |       7 |       2 |  22.2
       D:14 |    5252 |    2531 |  32.5 |      16 |       3 |  15.8
       D:15 |    9323 |    3712 |  28.5 |      23 |       6 |  20.7
     Lair:1 |    4009 |       0 |   0.0 |      16 |       0 |   0.0
     Lair:2 |    7298 |    1818 |  19.9 |      29 |       5 |  14.7
     Lair:3 |    3696 |    2514 |  40.5 |      14 |       7 |  33.3
     Lair:4 |    6717 |    3667 |  35.3 |      18 |       5 |  21.7
     Lair:5 |   10941 |   13719 |  55.6 |      37 |      29 |  43.9
      Orc:1 |    1043 |       0 |   0.0 |      20 |       0 |   0.0
      Orc:2 |    1239 |    5337 |  81.2 |      19 |      25 |  56.8
      Sewer |       0 |     148 | 100.0 |       0 |       7 | 100.0
            +---------+---------+-------+---------+---------+-------
